 Dungeon Crawl Stone Soup version 0.27-a0-334-g52645efa06 (webtiles) character file.

Game seed: 13964019133972164160

7231 inc the Grappler (level 10, -5/102 HPs)
             Began as a Troll Fighter on Feb 13, 2021.
             Was a Believer of Qazlal.
             Killed from afar by an electric eel (12 damage)
             ... with a bolt of electricity
             ... on level 11 of the Dungeon.
             The game lasted 00:10:54 (8612 turns).

inc the Grappler (Troll Fighter)                    Turns: 8612, Time: 00:10:55

Health: -5/102     AC: 15    Str: 32    XL:     10   Next: 88%
Magic:  9/9        EV: 29    Int:  4    God:    Qazlal [**....]
Gold:   624        SH: 14    Dex:  9    Spells: 9/9 levels left

rFire    . . .     SeeInvis .     - Unarmed
rCold    . . .     Faith    .   b - +0 kite shield
rNeg     . . .     Spirit   .   y - +0 steam dragon scales
rPois    .         Reflect  .   (helmet restricted)
rElec    .         Harm     .   F - +1 cloak of Ethics {Str+3}
rCorr    .         Rampage  .   (gloves unavailable)
Will     .....                  (boots unavailable)
Stlth    +.........             p - amulet of the acrobat
HPRegen  0.67/turn              f - +4 ring of evasion
MPRegen  0.11/turn              I - +4 ring of protection

@: acrobat
A: large, unfitting armour, claws 3, regeneration 1, shaggy fur 1, tough skin 3
a: Renounce Religion, Upheaval


You were on level 11 of the Dungeon.
You worshipped Qazlal.
Qazlal was pleased with you.
You visited 2 branches of the dungeon, and saw 12 of its levels.

You collected 624 gold pieces.

Inventory:

Armour
 a - a +0 robe
 b - a +0 kite shield (worn)
 y - +0 steam dragon scales (worn)
 F - the +1 cloak of Ethics (worn) {Str+3}
   (You found it on level 7 of the Dungeon)

   It affects your strength (+3).
Jewellery
 f - a +4 ring of evasion (left claw)
 p - an amulet of the acrobat (around neck)
 s - a ring of see invisible
 v - a ring of poison resistance
 w - a +6 ring of dexterity
 G - a ring of protection from cold
 H - an amulet of magic regeneration
 I - a +4 ring of protection (right claw)
 J - a +6 ring of intelligence {unknown}
Wands
 q - a wand of mindburst (14)
 x - a wand of paralysis (13)
Scrolls
 h - 2 scrolls of random uselessness {unknown}
 i - 6 scrolls of fear {unknown}
 k - 4 scrolls of magic mapping {unknown}
 m - 3 scrolls of fog {unknown}
 n - 3 scrolls of amnesia {unknown}
 r - 2 scrolls of blinking {unknown}
 t - a scroll of noise {unknown}
 z - a scroll of enchant weapon {unknown}
 B - 4 scrolls of teleportation {unknown}
 C - 3 scrolls of identify
 K - a scroll of enchant armour {unknown}
Potions
 c - 3 potions of might
 d - 3 potions of haste
 e - 4 potions of lignification
 g - 5 potions of heal wounds
 j - 3 potions of brilliance
 l - 3 potions of curing
 o - 2 potions of ambrosia
 u - 7 potions of degeneration
 A - 2 potions of mutation {unknown}
 D - 2 potions of flight {unknown}
 E - a potion of attraction {unknown}


   Skills:
 + Level 7.5 Fighting
 - Level 2.4 Dodging
 - Level 9.1 Shields
 - Level 10.4 Unarmed Combat


You had 9 spell levels left.
You didn't know any spells.
Your spell library contained the following spells:

 Spells                   Type           Power        Failure   Level
 Apportation              Tloc           0%           50%         1
 Summon Small Mammal      Summ           0%           50%         1
 Call Imp                 Summ           0%           65%         2
 Call Canine Familiar     Summ           0%           86%         3
 Lesser Beckoning         Tloc           0%           86%         3
 Summon Guardian Golem    Hex/Summ       0%           86%         3
 Tukima's Dance           Hex            0%           86%         3
 Summon Ice Beast         Ice/Summ       0%           99%         4
 Summon Lightning Spire   Summ/Air       0%           99%         4
 Alistair's Intoxication  Tmut/Pois      0%           100%        5
 Invisibility             Hex            0%           100%        6


Dungeon Overview and Level Annotations

Branches:
Dungeon (11/15)            Temple (1/1) D:4            Lair (0/6) D:9
    Orc (0/2) D:10

Altars:
Ashenzari
Cheibriados
Dithmenos
Elyvilon
Fedhas
Gozag
Hepliaklqana
Kikubaaqudgha
Makhleb
Nemelex Xobeh
Okawaru
Qazlal
Ru
Sif Muna
Trog
Uskayaw
Vehumet
Wu Jian
Xom
Yredelemnul
Zin
The Shining One

Shops:
D:10 =

Annotations:
D:9 3 runed translucent doors, trm's ghost, novice GnCj


Innate Abilities, Weirdness & Mutations

You are too large for most types of armour.
You have claws for hands.
Your natural rate of healing is unusually fast.
You are covered in fur. (AC +1)
You have extremely tough skin. (AC +3)


Message History

You miss the electric eel.
The electric eel is moderately wounded.
An electric eel comes into view.
You scratch the electric eel.
The electric eel is severely wounded.
The electric eel shoots out a bolt of lightning at you!
The bolt of electricity hits the electric eel.
The electric eel completely resists.
The bolt of electricity hits you.
The electric eel shoots out a bolt of lightning at you!
The bolt of electricity hits you.
The electric eel shoots out a bolt of lightning at you!
The bolt of electricity hits the electric eel.
The electric eel completely resists.
The bolt of electricity hits you.
Unknown command.
You scratch the electric eel.
The electric eel is almost dead.
The electric eel shoots out a bolt of lightning at you!
The bolt of electricity hits the electric eel.
The electric eel completely resists.
The bolt of electricity hits you!
Unknown command.
You barely miss the electric eel.
The electric eel is almost dead.
The electric eel shoots out a bolt of lightning at you!
The bolt of electricity hits the electric eel.
The electric eel completely resists.
The bolt of electricity hits you!
* * * LOW HITPOINT WARNING * * *
Unknown command.
The electric eel shoots out a bolt of lightning at you!
The bolt of electricity hits you.
* * * LOW HITPOINT WARNING * * *
The bolt of electricity hits you!
* * * LOW HITPOINT WARNING * * *
The electric eel shoots out a bolt of lightning at you!
The bolt of electricity hits you!
* * * LOW HITPOINT WARNING * * *
The electric eel shoots out a bolt of lightning at you!
The bolt of electricity misses you.
The electric eel shoots out a bolt of lightning at you!
The bolt of electricity hits you!
You die...

.##.# ##.......
.##.###.......#...
.##.#.........#...
†##.#.........#..# #
.##.#.........#..# .#
....†...≈.....#..##.####
..............#.........
.#..........!.........#
.#..##......)...@##.
.#..##.....##.#.##
....##.....##.#.###..#
....##.....##..........
....##.....##.#.####.##
#......♣;♣.#
.......≈≈♣.# .≈♣≈## .#.


P You could see an electric eel.

Vanquished Creatures
  A two-headed ogre (D:10)
  An unseen horror (D:8)
  An ugly thing (D:11)
  A centaur skeleton (D:10)
  A troll (D:10)
  A wyvern (D:9)
  2 steam dragons (D:6)
  Menkaure (D:7)
  A soldier ant (D:11)
  Duvessa (D:7)
  An ice beast (D:10)
  A swamp drake (D:10)
  6 sky beasts
  4 orc warriors
  A centaur (D:7)
  6 ogres
  2 kobold brigands (D:8)
  3 bullfrogs
  Dowan (D:7)
  4 scorpions
  9 killer bees
  3 wights (D:6)
  A howler monkey (D:5)
  2 centaur zombies
  9 orc priests
  4 hounds
  4 jellies
  5 iguanas
  7 orc wizards
  3 worker ants
  A killer bee zombie (D:7)
  A hound skeleton (D:8)
  Robin (D:3)
  3 gnolls (D:7)
  A howler monkey skeleton (D:7)
  11 adders
  3 shadow imps
  A white imp (D:7)
  An ooze (D:4)
  2 adder zombies
  2 adder skeletons
  2 dart slugs
  3 worms
  A leopard gecko (D:4)
  56 orcs
  8 bats
  4 giant cockroaches
  15 goblins
  6 hobgoblins
  3 jackals (D:2)
  5 quokkas
  4 ball pythons
  4 frilled lizards (D:2)
  15 kobolds
  8 rats
248 creatures vanquished.

Notes
Turn   | Place    | Note
-------+----------+-------------------------------------------
     0 | D:1      | inc the Troll Fighter began the quest for the Orb.
     0 | D:1      | Reached XP level 1. HP: 22/22 MP: 0/0
   332 | D:1      | Reached XP level 2. HP: 27/29 MP: 1/1
   880 | D:2      | Reached XP level 3. HP: 36/36 MP: 2/2
   904 | D:2      | Found an ornate altar of the Wu Jian Council.
   907 | D:2      | Found an iron altar of Okawaru.
  1029 | D:2      | Reached skill level 3 in Unarmed Combat
  1587 | D:3      | Reached XP level 4. HP: 44/44 MP: 3/3
  1657 | D:3      | Noticed Robin
  1681 | D:3      | Killed Robin
  2119 | D:3      | Found a hide-covered altar of Uskayaw.
  2252 | D:3      | Noticed an ogre
  2254 | D:3      | Killed an ogre
  2255 | D:3      | Reached skill level 4 in Unarmed Combat
  2255 | D:3      | Reached XP level 5. HP: 31/50 MP: 4/4
  2295 | D:3      | Found a sparkling altar of Nemelex Xobeh.
  2569 | D:5      | Entered Level 5 of the Dungeon
  2623 | D:4      | Reached XP level 6. HP: 56/59 MP: 5/5
  2675 | D:4      | Found a hazy altar of Hepliaklqana.
  2723 | D:4      | Found a staircase to the Ecumenical Temple.
  2738 | D:4      | Reached skill level 5 in Unarmed Combat
  2838 | Temple   | Entered the Ecumenical Temple
  3194 | D:5      | Noticed a sky beast
  3207 | D:5      | Killed a sky beast
  3208 | D:5      | Reached skill level 5 in Shields
  3208 | D:5      | Reached XP level 7. HP: 59/66 MP: 6/6
  3295 | D:5      | Reached skill level 6 in Unarmed Combat
  3547 | D:5      | Found a shadowy altar of Dithmenos.
  4052 | D:6      | Found a burning altar of Makhleb.
  4201 | D:6      | Reached XP level 8. HP: 58/74 MP: 7/7
  4263 | D:6      | Reached skill level 7 in Unarmed Combat
  4482 | D:6      | Found a stormy altar of Qazlal.
  4604 | D:7      | Found a white marble altar of Elyvilon.
  4732 | D:7      | You fall into a shaft and drop 3 floors!
  4732 | D:10     | Entered Level 10 of the Dungeon
  4787 | D:10     | Reached skill level 8 in Unarmed Combat
  4862 | D:10     | Noticed a two-headed ogre
  4936 | D:8      | Reached XP level 9. HP: 52/80 MP: 8/8
  4968 | D:8      | Found a broken altar of Ashenzari.
  5117 | D:7      | Reached skill level 9 in Unarmed Combat
  5148 | D:7      | Noticed Duvessa
  5148 | D:7      | Noticed Dowan
  5168 | D:7      | Killed Duvessa
  5171 | D:7      | Killed Dowan
  5208 | D:7      | Got a bloodstained cloak
  5214 | D:7      | Identified the +1 cloak of Ethics {Str+3} (You found it on
                  | level 7 of the Dungeon)
  5230 | D:6      | Became a worshipper of Qazlal Stormbringer
  5545 | D:7      | Noticed Menkaure
  5552 | D:7      | Killed Menkaure
  6141 | D:8      | Reached skill level 10 in Unarmed Combat
  6407 | D:8      | Found a stormy altar of Qazlal.
  6433 | D:8      | Noticed an unseen horror
  6463 | D:8      | Killed an unseen horror
  6464 | D:8      | Reached XP level 10. HP: 81/88 MP: 9/9
  6606 | D:8      | Reached * piety under Qazlal
  6952 | D:9      | Found a runed translucent gate.
  6954 | D:9      | Found a runed translucent gate.
  6954 | D:9      | Found a runed translucent gate.
  6971 | D:9      | Noticed trm's ghost (novice GnCj)
  7124 | D:9      | Found a staircase to the Lair.
  7210 | D:9      | Found a radiant altar of Vehumet.
  7269 | D:9      | Found a shimmering blue altar of Sif Muna.
  7795 | D:10     | Killed a two-headed ogre
  7796 | D:10     | Reached skill level 5 in Fighting
  8076 | D:10     | Found Ulocoi's Jewellery Shop.
  8289 | D:10     | Found a staircase to the Orcish Mines.
  8547 | D:11     | Noticed a brown ugly thing
  8556 | D:11     | Killed a brown ugly thing
  8576 | D:11     | Reached ** piety under Qazlal
  8612 | D:11     | Killed from afar by an electric eel

Illustrated notes

Levels and vault maps discovered:
D:1:      evilmike_arrival_rings, layout_basic
D:2:      layout_basic, grunt_temple_overflow_open, minmay_misc_feat_x
D:3:      layout_loops_corners, old_standard_altar, marbit_many_paths,
          minmay_misc_feat_tower, uniq_robin
D:4:      layout_basic, nzn_hepliaklqana_mist_gate,
          minmay_temple_entry_drinking_statues
D:5:      layout_loops_ring, lemuel_round_altar
D:6:      kennysheep_steamy, layout_cave_pools, nicolae_overflow_hidden_temple,
          bloody_makhleb
D:7:      layout_gridville, elyvilon_altar_1, uniq_menkaure, uniq_duvessa
D:8:      layout_loops_ring, nicolae_overflow_crystal_walls, grunt_qazlal_clouds
D:9:      layout_roguey, vehumet_crystals, lair_entry_dummy,
          gammafunk_ghost_icy, led_sif_pool
D:10:     layout_stronghold, erik_orc_1, serial_shops, kennysheep_mini,
          serial_undead, serial_undead_b, serial_undead_a, serial_undead_b,
          serial_undead_e
D:11:     layout_basic, serial_bayou, serial_bayou_pond_d,
          serial_bayou_crossing, serial_bayou_pond_a, serial_bayou_pond_e,
          uniq_urug, uniq_josephine
Temple:   jpeg_temple_clearing

Skill      XL: |  1  2  3  4  5  6  7  8  9 10 |
---------------+-------------------------------+-----
Shields        | 3 4 5 6 7 9 |  9.1
Unarmed Combat | 3 4 5 6 8 10 | 10.4
Fighting       | 7 |  7.5
Dodging        | |  2.4

Action                   |  1- 3 |  4- 6 |  7- 9 | 10-12 || total
-------------------------+-------+-------+-------+-------++-------
Melee: Unarmed           |   119 |   121 |   335 |   156 ||   731
  Use: Scroll            |       |     3 |     2 |       ||     5
 Stab: Sleeping          |     1 |       |       |     1 ||     2
       Confused          |       |       |       |     2 ||     2
Armor: Robe              |    43 |    22 |     8 |       ||    73
       Steam dragon scal |       |       |    49 |    18 ||    67
Dodge: Dodged            |    46 |    49 |   156 |    49 ||   300
Block: Kite shield       |    49 |    46 |   186 |    64 ||   345

Table legend: (Time is in decaauts)
 A = Elapsed time spent in this place.
 B = Non-inter-level travel time spent in this place.
 C = Inter-level travel time spent in this place.
 D = Time resting spent in this place.
 E = Time spent auto-exploring this place.
 F = Levels seen in this place.
 G = Mean time per level.
                   A        B        C        D        E       F      G
               +--------+--------+--------+--------+--------+-----+--------+
         Total |   8573 |   8170 |    403 |    210 |   6231 |  12 |  714.4 |
       Dungeon |   8473 |   8085 |    388 |    210 |   6153 |  11 |  770.3 |
        Temple |     99 |     84 |     15 |      0 |     78 |   1 |   99.0 |
               +--------+--------+--------+--------+--------+-----+--------+

Top non-repeatable levels by time:
    D:10: 1213 daAuts
     D:3: 1059 daAuts
     D:7: 1010 daAuts
     D:8: 851 daAuts
     D:6: 844 daAuts
     D:1: 825 daAuts
     D:5: 806 daAuts
     D:2: 619 daAuts
     D:4: 583 daAuts
     D:9: 572 daAuts
  Temple: 99 daAuts
    D:11: 85 daAuts
